 Dungeon Crawl Stone Soup version 0.29.1-15-g9cfb28693d (webtiles) character file.

Game seed: 11793093719661187460

13 collide the Chiller (level 2, 0/20 HPs)
             Began as a Ghoul Ice Elementalist on Apr 8, 2023.
             Slain by an endoplasm (2 damage)
             ... on level 2 of the Dungeon.
             The game lasted 00:02:02 (1623 turns).

collide the Chiller (Ghoul Ice Elementalist)        Turns: 1623, Time: 00:02:03

Health: 0/20       AC:  2    Str: 11    XL:     2   Next: 37%
Magic:  4/4        EV: 12    Int: 10    God:
Gold:   22         SH:  0    Dex:  9    Spells: 4/5 levels left

rFire   . . .      SeeInvis .   (no weapon)
rCold   + . .      Faith    .   (no shield)
rNeg    + + +      Spirit   .   a - +0 robe
rPois   ∞          Reflect  .   (no helmet)
rElec   .          Harm     .   (no cloak)
rCorr   .          Rampage  .   (no gloves)
Will    .....                   (no boots)
Stlth   ++........              (no amulet)
HPRegen 0.00/turn               (no ring)
MPRegen 0.09/turn               (no ring)

@: inhibited regen
A: claws 1, cold resistance 1, negative energy resistance 3, inhibited
regeneration, torment resistance 2, devour on kill
a: no special abilities


You were on level 2 of the Dungeon.
You visited 1 branch of the dungeon, and saw 2 of its levels.

You collected 22 gold pieces.

Inventory:

Missiles
 h - 2 throwing nets
Armour
 a - a +0 robe (worn)
Jewellery
 d - a +6 ring of dexterity
Scrolls
 f - a scroll of teleportation {unknown}
 i - a scroll of enchant armour {unknown}
 j - a scroll of identify {unknown}
Potions
 b - a potion of magic
 c - a potion of ambrosia {unknown}
 e - a potion of attraction {unknown}
 g - a potion of might {unknown}


   Skills:
 + Level 2.0 Dodging
 + Level 2.5 Stealth
 + Level 2.0 Spellcasting
 + Level 4.5 Ice Magic


You had 4 spell levels left.
You knew the following spells:

 Your Spells              Type           Power      Damage    Failure   Level
a - Freeze                Ice            40%        1d6       4%          1

Your spell library contained the following spells:

 Spells                   Type           Power      Damage    Failure   Level
 Frozen Ramparts          Ice            20%        1d4       14%         3
 Ozocubu's Armour         Ice            10%        N/A       14%         3
 Ensorcelled Hibernation  Hex/Ice        10%        N/A       19%         2
 Blink                    Tloc           2%         N/A       43%         2
 Passwall                 Tmut/Erth      0%         N/A       43%         2
 Lesser Beckoning         Tloc           1%         N/A       67%         3
 Swiftness                Air            1%         N/A       67%         3
 Hailstorm                Conj/Ice       5%         3d4       77%         4
 Manifold Assault         Tloc           1%         N/A       100%        5


Dungeon Overview and Level Annotations

Branches:
Dungeon (2/15)

Altars:


Innate Abilities, Weirdness & Mutations

You are immune to poison.
You have sharp fingernails.
Your flesh is cold resistant. (rC+)
You are immune to negative energy. (rN+++)
You do not regenerate when monsters are visible.
You are immune to unholy pain and torment.
You thrive by killing the living.


Message History

A gnoll comes into view. It is wielding a +0 club.
The gnoll shouts! x2
A gnoll comes into view. It is wielding a +0 whip.
The gnoll moves out of view.
An endoplasm comes into view.
Found a stone staircase leading down.
You completely miss the gnoll. The gnoll barely misses you.
There are monsters nearby!
You barely miss the gnoll. The endoplasm freezes you.
You are frozen.
You resist. The gnoll barely misses you.
There are monsters nearby!
There are monsters nearby!
You scratch the gnoll but do no damage. The endoplasm freezes you.
You are frozen.
You resist. The gnoll closely misses you.
You barely miss the gnoll. The endoplasm freezes you.
You are frozen.
You resist. The gnoll misses you.
You closely miss the gnoll. The gnoll barely misses you.
The endoplasm freezes you.
You are frozen.
You resist. The gnoll closely misses you. The gnoll hits you with a +0 club!
You are too injured to fight recklessly!
You are too injured to fight recklessly!
You are too injured to fight recklessly!
You are too injured to fight recklessly!
You are too injured to fight recklessly!
You are too injured to fight recklessly!
You are too injured to fight recklessly!
You are too injured to fight recklessly!
You are too injured to fight recklessly!
You are too injured to fight recklessly!
You are too injured to fight recklessly!
You scratch the endoplasm.
The endoplasm is heavily wounded.
The gnoll hits you with a +0 whip.
* * * LOW HITPOINT WARNING * * *
The endoplasm hits you.
You die...

.. ..### ......
# ...... .#
......#####.###
...........>...
#..
......g.....#
... ......g@J##
..
......g#..###
..
#####.###...#
.# #. ###.##.#
. #....# . ..
#####..##
....###.(....#
.......<####.#
.....#### ...


You could see 3 gnolls and an endoplasm.

Vanquished Creatures
  2 endoplasms (D:1)
  A goblin (D:1)
  2 hobgoblins (D:1)
  2 kobolds (D:1)
  A ball python (D:2)
  A bat (D:1)
  A frilled lizard (D:1)
  3 rats (D:1)
13 creatures vanquished.

Notes
Turn   | Place    | Note
-------+----------+-------------------------------------------
     0 | D:1      | collide the Ghoul Ice Elementalist began the quest for the
                  | Orb.
     0 | D:1      | Reached XP level 1. HP: 14/14 MP: 2/2
   610 | D:1      | Found a faded altar of an unknown god.
   704 | D:1      | Reached XP level 2. HP: 18/20 MP: 3/3
  1623 | D:2      | Slain by an endoplasm

Illustrated notes

Levels and vault maps discovered:
D:1:      dpeg_arrival_tiny_c, layout_basic, shapermc_ecumenical_altar_petra,
          roderic_lattice_a, hex_intersection
D:2:      layout_rooms, basic_altar

Skill      XL: |  1  2 |
---------------+-------+-----
Dodging        | 2 |  2.0
Spellcasting   | 2 |  2.0
Stealth        | |  2.5
Ice Magic      | |  4.5

Action                   || total
-------------------------++-------
Melee: Unarmed           ||    71
       Punch             ||     1
Armor: Robe              ||    27
Dodge: Dodged            ||    53
